 Dungeon Crawl Stone Soup version 0.32-a0-616-g9348d4545b (webtiles) character file.

Game seed: 885405791652345542

28354 hikkokomori the Prestidigitator (level 13, -9/96 HPs)
             Began as a Coglin Artificer on Mar 5, 2024.
             Was a High Priest of Beogh.
             Mangled by an orc knight
             ... wielding a +0 dire flail
              (28 damage)
             ... on level 2 of the Orcish Mines on Mar 6, 2024.
             The game lasted 00:51:32 (15502 turns).

hikkokomori the Prestidigitator (Coglin Artificer) Turns: 15502, Time: 00:51:32

Health: -9/96      AC: 14    Str: 17    XL:     13   Next: 38%
Magic:  8/17       EV: 11    Int: 16    God:    Beogh [*****.]
Gold:   2160       SH:  0    Dex: 17    Spells: 9/18 levels left

rFire   + + .        o - +9 trident "Kufes" {freeze, rPois rF++ Int+2 Stlth+}
rCold   . . .        P - +1 demon blade (elec) {Prasit}
rNeg    . . .        r - +4 ring mail of Unambiguity {Str+5}
rPois   +            h - +1 helmet
rElec   .            H - +0 cloak {rPois}
rCorr   .            Y - +1 pair of gloves
SInv    .            (no boots)
Will    .....        (amulet unavailable)
Stlth   ++           (ring unavailable)
HPRegen 0.36/turn    (ring unavailable)
MPRegen 0.15/turn    (no gizmo)

%: no passive effects
@: on blink cooldown, animating dead, studying Staves, revved
A: walk on water, off-hand wielding, slow wielding, warmup strikes, no jewellery
a: Invent Gizmo, Renounce Religion, Smiting, Recall Apostles, Blood for Blood,
Dismiss Warbeogh, wizard, Dismiss Bogfrid, priest, Dismiss Koronagh, warrior


You were on level 2 of the Orcish Mines.
You worshipped Beogh.
Beogh was extremely pleased with you.
You visited 3 branches of the dungeon, and saw 15 of its levels.
You also visited: Sewer, Ossuary and Bailey.

You collected 2160 gold pieces.

Inventory:

Hand Weapons
 o - the +9 trident "Kufes" (weapon) {freeze, rPois rF++ Int+2 Stlth+}
   (You found it on level 4 of the Dungeon)

   Int+2:     It affects your intelligence (+2).
   rF++:      It greatly protects you from fire.
   rPois:     It protects you from poison.
   Stlth+:    It makes you more stealthy.
 v - a +5 scimitar
 D - a +1 dagger of protection {Æðelind}
 L - a +3 trident of draining {Cashile}
 P - a +1 demon blade of electrocution (offhand) {Prasit}
Missiles
 g - 8 javelins
 y - 41 poisoned darts (quivered)
 E - 5 atropa-tipped darts
 F - 22 curare-tipped darts
 U - 7 datura-tipped darts
Armour
 b - a +0 leather armour
 h - a +1 helmet (worn)
 i - a +0 scale mail
 p - the +0 leather armour of the Saviour {rF+ rN+}
   (You found it on level 3 of the Dungeon)

   rF+:       It protects you from fire.
   rN+:       It protects you from negative energy.
 r - the +4 ring mail of Unambiguity (worn) {Str+5}
   (You found it on level 2 of the Dungeon)

   Str+5:     It affects your strength (+5).
 u - the +4 skin of Zhor {*Englaciate rC+++ SInv}
   (You found it on level 4 of the Dungeon)

   *Englaciate: It radiates cold, occasionally slowing all nearby creatures who
   are not resistant to cold.
   rC+++:     It renders you almost immune to cold.
   SInv:      It lets you see invisible.
 w - the +3 scale mail of Fedhas's Respect {*Corrode rF+++ rC+ Int-2}
   (You found it in a bailey)

   Int-2:     It affects your intelligence (-2).
   rF+++:     It renders you almost immune to fire.
   rC+:       It protects you from cold.
   *Corrode:  It may corrode you when you take damage.
 H - a +0 cloak of poison resistance (worn)
 Y - a +1 pair of gloves (worn)
Wands
 c - a wand of flame (16)
 d - a wand of charming (14)
 e - a wand of iceblast (4)
Scrolls
 f - a scroll of fog
 j - 5 scrolls of enchant weapon
 m - 2 scrolls of noise
 s - 11 scrolls of teleportation
 t - a scroll of amnesia {unknown}
 z - a scroll of fear
 G - 2 scrolls of vulnerability
 N - 2 scrolls of enchant armour
 O - 2 scrolls of silence
 Q - a scroll of immolation
 R - a scroll of torment
 V - a scroll of blinking
 X - a scroll of poison
 Z - a scroll of acquirement {unknown}
Potions
 a - 4 potions of might
 k - 6 potions of curing
 l - 6 potions of mutation
 n - a potion of enlightenment
 q - a potion of heal wounds
 x - 5 potions of resistance
 A - a potion of invisibility
 C - 3 potions of degeneration
 J - a potion of magic
 K - 2 potions of haste {unknown}
 M - 3 potions of berserk rage
 S - 2 potions of attraction
 T - 2 potions of lignification
 W - a potion of ambrosia {unknown}
Miscellaneous
 I - a sack of spiders


   Skills:
 + Level 7.5 Fighting
 - Level 3.5(5.6) Short Blades
 - Level 7.5(8.0) Long Blades
 - Level 10.0 Polearms
 - Level 2.0 Throwing
 - Level 2.0 Armour
 - Level 2.0 Dodging
 - Level 2.0 Stealth
 - Level 3.0 Spellcasting
 - Level 3.0 Conjurations
 + Level 6.9 Necromancy
 - Level 3.0 Translocations
 - Level 2.0 Air Magic
 - Level 5.0 Alchemy
 + Level 5.8 Invocations
 - Level 12.4 Evocations


You had 9 spell levels left.
You knew the following spells:

 Your Spells              Type           Power      Damage    Failure   Level
a - Blink                 Tloc           24%        N/A       14%         2
b - Mephitic Cloud        Conj/Alch/Air  13%        N/A       26%         3
c - Animate Dead          Necr           24%        N/A       19%         4

Your spell library contained the following spells:

 Spells                   Type           Power      Damage    Failure   Level
 Kiss of Death            Conj/Necr      72%        2d10      4%          1
 Magic Dart               Conj           48%        1d5       10%         1
 Mercury Vapours          Alch/Air       26%        N/A       12%         2
 Lesser Beckoning         Tloc           24%        N/A       14%         2
 Momentum Strike          Conj/Tloc      24%        3d8       14%         2
 Gell's Gravitas          Tloc           12%        N/A       28%         3
 Teleport Other           Tloc           12%        N/A       28%         3
 Freeze                   Ice            8%         1d3       32%         1
 Call Imp                 Summ           4%         N/A       45%         2
 Hailstorm                Conj/Ice       7%         3d5       47%         3
 Iskenderun's Mystic Bla  Conj/Tloc      12%        2d5       67%         4
 Passage of Golubria      Tloc           12%        N/A       67%         4
 Frozen Ramparts          Ice            4%         1d1       69%         3
 Tukima's Dance           Hex            2%         N/A       69%         3
 Ignite Poison            Fire/Alch      10%        N/A       75%         4
 Dimensional Bullseye     Hex/Tloc       3%         N/A       87%         4
 Iskenderun's Battlesphe  Conj           12%        2d7       95%         5
 Freezing Cloud           Conj/Ice/Air   3%         6-21      99%         5
 Starburst                Conj/Fire      3%         6d3       100%        6
 Haunt                    Necr/Summ      6%         N/A       100%        7
 Infestation              Necr           12%        N/A       100%        8
 Chain Lightning          Conj/Air       5%         3d6       100%        9


Dungeon Overview and Level Annotations

Branches:
Dungeon (10/15)            Temple (0/1) D:6            Lair (3/5) D:8
 Shoals (0/4) Lair:2       Spider (0/4) Lair:2          Orc (2/2) D:9
    Elf (0/3) Orc:2         Sewer (visited)         Ossuary (visited)
 Bailey (visited)

Altars:
Elyvilon
Fedhas
Hepliaklqana
Makhleb
Nemelex Xobeh
Wu Jian
Beogh

Shops:
D:9 [

Annotations:
D:10 3 runed translucent doors, lotum's ghost, journeyman CoHs


Innate Abilities, Weirdness & Mutations

You can walk on water.
Your facial features are unmistakably orcish.
You can wield a second weapon in your off-hand.
It takes a long time for you to wield or remove held weapons.
Your first few attacks do less damage.
You cannot equip rings or amulets.


Message History

Your cerulean imp misses the sixfirhy.
Reach: o) +9 trident "Kufes" {freeze, rPois rF++ Int+2 Stlth+}
Press: ? - help, Dir - move target, f - orc knight
Aim: an orc knight, wielding a +0 dire flail and wearing a +0 chain mail (moderately wounded, strong, ally target, target of orcish vengeance, about 28% to evade the +9 trident "Kufes")
You reach to attack!
You puncture the orc knight with the +9 trident "Kufes"!
You freeze the orc knight.
The sixfirhy hits Koronagh.
The sixfirhy shocks Koronagh!
Bogfrid hits the troll with the +2 halberd "Weso"!
The sixfirhy hits Koronagh!
The sixfirhy shocks Koronagh!
An orc comes into view. It is wielding a +0 hand axe.
The orc relaxes its fighting stance and smiles at you.
It asks, "Are you our saviour?"
The orc warlord roars a battlecry!
The troll bites Bogfrid!
The troll closely misses Bogfrid.
The troll claws Bogfrid but does no damage.
Something hits your cerulean imp!
Your cerulean imp dies!
Your cerulean imp disappears in a puff of smoke!
Koronagh hits the orc warlord with a +1 long sword of freezing.
Koronagh freezes the orc warlord.
You hear an angry hiss.
You hear a howl!
You hear a shout!
You hear a screech!
Aiming: Charm
Press: ? - help, Shift-Dir - straight line, f/p - orc knight
Aim: an orc knight, wielding a +0 dire flail and wearing a +0 chain mail (heavily wounded, strong, target of orcish vengeance, chance to affect: 58%)
The orc knight resists with significant effort.
The sixfirhy is engulfed in noxious fumes.
The sixfirhy appears confused.
The sixfirhy is engulfed in noxious fumes.
Bogfrid hits the troll with the +2 halberd "Weso".
Something unseen opens the door.
An orc warrior comes into view. It is wielding a +0 battleaxe.
The orc warrior relaxes its fighting stance and smiles at you.
The orc warlord roars a battlecry!
Something closely misses the orc warrior.
The troll barely misses Bogfrid.
The troll misses Bogfrid.
The troll claws Bogfrid but does no damage.
The orc knight hits you with a +0 dire flail!!
You die...
Beogh appreciates the orc knight's killing of a heretic priest.

...#..### ##............###
._.#o<# #..##########...##
...#.## ##.## ###..# ####.# #..#
# ##.. .....# ######.#### .# .#
#.. ###### ##.#.#..#.ß##'###o##ß
##. # ##.....ß.'.§§§.)o.Oo.h #.
## ##.#.#....'..§§ooß43o.o #. .##
##...#...ß.@o.3o†oToo4o. #. ..##
#.......#..#.ß##o###+##ß ##.
o..###..#.....#.#### #..
.o###o..##...#...# ##..
...#....##.......## ###..#
....##.##......#..##########...##
....#...##.##.###............###
........####### ##############
.......## ##.##


You could see an orc warlord (strong, very poisoned, ally target, target of
vengeance), an orc knight (strong, target of vengeance), a troll (distracted,
ally target, target of vengeance), a sixfirhy (summoned, confused), an orc
warrior (strong, target of vengeance), a neutral orc warrior (wandering,
strong), a neutral orc (wandering, strong), the friendly Bogfrid the orc apostle
and the friendly Koronagh the orc apostle.

Vanquished Creatures
  A hydra (Lair:3)
  2 skysharks (Lair:3)
  A wolf spider (Lair:3)
  An orc sorcerer (Orc:1)
  8 elephants
  A black mamba (Lair:2)
  A cane toad (Lair:3)
  Jeremiah (D:6)
  3 komodo dragons
  A troll (D:10)
  A hornet (Lair:3)
  A dream sheep (Lair:3)
  7 blink frogs
  2 culicivoras (Lair:2)
  2 wyverns
  Eustachio (D:6)
  15 yaks
  A basilisk (D:8)
  2 steam dragons (D:8)
  2 wargs (Orc:1)
  5 water moccasins
  A swamp drake (D:8)
  An ice beast (D:5)
  A black bear (D:4)
  8 orc warriors
  2 sky beasts (D:6)
  2 wolves (Lair:2)
  4 centaurs
  2 ogres
  13 kobold brigands
  A phantom (D:5)
  Blork the orc (D:4)
  A weeping skull (Ossuary)
  A brain worm (Sewer)
  2 scorpions
  A bullfrog (D:9)
  A gnoll sergeant (D:6)
  A water moccasin zombie (Ossuary)
  12 wights
  5 killer bees
  A howler monkey (D:5)
  An electric eel (D:8)
  A bullfrog zombie (Ossuary)
  A centaur zombie (Ossuary)
  5 orc priests
  A bombardier beetle (D:6)
  A bullfrog skeleton (D:4)
  2 jellies
  A sleepcap (D:7)
  A gnoll bouda (D:7)
  2 scorpion zombies (Ossuary)
  An iguana (D:4)
  Natasha (thrice) (D:4)
  6 orc wizards
  A mummy (D:4)
  Robin (D:4)
  2 gnolls (D:7)
  12 adders
  2 river rats (Sewer)
  2 adder zombies (Ossuary)
  2 ribbon worms
  A dart slug (D:1)
  15 orcs
  2 bats
  6 endoplasms
  3 giant cockroaches
  3 hobgoblins
  2 quokkas
  7 ball pythons
  5 frilled lizards
  18 goblins
  4 goblin zombies (Ossuary)
  2 hobgoblin zombies (Ossuary)
  19 kobolds
  3 orc zombies (Ossuary)
  8 rats
266 creatures vanquished.

Vanquished Creatures (collateral kills)
  An orc warlord (Orc:1)
  An ettin (Orc:1)
  A two-headed ogre (D:10)
  A boulder beetle (D:10)
  An orc knight (Orc:1)
  3 elephants
  An unseen horror (D:10)
  3 dream sheep (Lair:3)
  6 blink frogs
  2 culicivoras (Lair:2)
  The ghost of TheLasagnaBaron the Ruffian, an amateur TrMo (D:4)
  2 wyverns
  A wraith (D:7)
  8 yaks
  A water moccasin (Lair:2)
  3 orc warriors (Orc:1)
  A wolf (Lair:2)
  2 ogres (Orc:1)
  5 centaurs
  5 bullfrogs
  3 kobold brigands (Bailey)
  3 water moccasin zombies
  5 wights
  3 killer bees (D:9)
  2 electric eels (D:8)
  2 bullfrog zombies (Ossuary)
  2 centaur zombies
  Crazy Yiuf (D:4)
  3 orc wizards
  An ogre zombie (Ossuary)
  5 adders (Lair:3)
  3 gnolls (D:5)
  2 white imps (D:7)
  An adder zombie (Ossuary)
  6 orcs
  2 gnoll zombies (Ossuary)
  6 kobolds
  4 hobgoblin zombies (Ossuary)
  An orc zombie (Ossuary)
  2 foxfires
106 creatures vanquished.

Vanquished Creatures (others)
  An orc high priest (Orc:1)
  3 orc apostles
  An orc sorcerer (Orc:2)
  3 orc warriors
  A warg zombie (Orc:1)
  4 wights
  A jelly (D:6)
  A hound (D:7)
  2 orc priests
  An iguana (D:5)
  3 orc wizards
  5 orc zombies
  2 gnolls (D:7)
  12 orcs
  192 foxfires
232 creatures vanquished.

Grand Total: 604 creatures vanquished

Notes
Turn   | Place    | Note
-------+----------+-------------------------------------------
     0 | D:1      | hikkokomori the Coglin Artificer began the quest for the
                  | Orb.
     0 | D:1      | Reached XP level 1. HP: 15/15 MP: 1/1
   144 | D:1      | Reached skill level 1 in Dodging
   172 | D:1      | Reached skill level 1 in Stealth
   180 | D:1      | Reached XP level 2. HP: 6/21 MP: 2/2
   575 | D:2      | You fall into a shaft and drop 1 floor!
   651 | D:3      | Found a faded altar of an unknown god.
   733 | D:3      | Reached XP level 3. HP: 24/27 MP: 3/3
   899 | D:3      | Identified the +0 leather armour of the Saviour {rF+ rN+}
  1071 | D:2      | Identified the +4 ring mail of Unambiguity {Str+5}
  2028 | D:3      | Found a white marble altar of Elyvilon.
  2029 | D:3      | Found a blossoming altar of Fedhas.
  2029 | D:3      | Found an ornate altar of the Wu Jian Council.
  2032 | D:3      | Found a hazy altar of Hepliaklqana.
  2079 | D:4      | Got Kahiy's Encyclopedia of Translocational Arcane Weapons
  2083 | D:4      | Learned a level 2 spell: Blink
  2087 | D:4      | Found the +4 skin of Zhor {*Englaciate rC+++ SInv}
  2096 | D:4      | Reached skill level 1 in Long Blades
  2096 | D:4      | Reached skill level 5 in Evocations
  2096 | D:4      | Reached XP level 4. HP: 19/33 MP: 4/4
  2110 | D:4      | Became a worshipper of Beogh the Shepherd
  2126 | D:4      | Reached skill level 1 in Short Blades
  2126 | D:4      | Noticed Robin
  2338 | D:4      | Noticed Natasha
  2347 | D:4      | Reached XP level 5. HP: 22/39 MP: 5/5
  2349 | D:4      | Killed Natasha
  2350 | D:4      | Reached skill level 1 in Translocations
  2425 | D:4      | Killed Robin
  2452 | D:4      | Reached skill level 1 in Spellcasting
  2474 | D:4      | Found a transporter.
  2550 | D:4      | Noticed Blork the orc
  2561 | D:4      | Killed Blork the orc
  2562 | D:4      | Reached XP level 6. HP: 42/47 MP: 7/7
  2630 | D:4      | Reached * piety under Beogh
  2690 | D:4      | Noticed Natasha
  2704 | D:4      | Killed Natasha
  2801 | D:4      | Noticed Natasha
  2808 | D:4      | Killed Natasha
  2886 | D:4      | Noticed a black bear
  2901 | D:4      | Killed a black bear
  3098 | D:4      | Found a transporter.
  3101 | D:4      | Noticed TheLasagnaBaron's ghost (amateur TrMo)
  3135 | D:4      | Found a runed translucent door.
  3136 | D:4      | Noticed Crazy Yiuf
  3191 | D:4      | Found a sparkling altar of Nemelex Xobeh.
  3368 | D:5      | Entered Level 5 of the Dungeon
  3404 | D:5      | Noticed an ice beast
  3458 | D:5      | Found a glowing drain.
  3497 | D:5      | Reached XP level 7. HP: 49/53 MP: 8/8
  3508 | Sewer    | Entered a sewer
  3913 | Sewer    | Reached skill level 1 in Throwing
  4014 | Sewer    | Reached XP level 8. HP: 31/61 MP: 11/11
  4148 | Sewer    | Reached ** piety under Beogh
  4190 | Sewer    | Reached skill level 5 in Fighting
  4864 | D:5      | Got Veroewki's Papyrus of Variable Injury
  4869 | D:5      | Learned a level 3 spell: Mephitic Cloud
  5221 | D:5      | Reached skill level 1 in Alchemy
  5221 | D:5      | Reached XP level 9. HP: 61/72 MP: 9/12
  5529 | D:6      | Found a staircase to the Ecumenical Temple.
  5538 | D:6      | Reached skill level 1 in Conjurations
  5549 | D:6      | Reached skill level 1 in Air Magic
  5623 | D:6      | Reached skill level 6 in Evocations
  6279 | D:6      | Reached skill level 1 in Invocations
  6381 | D:6      | Noticed Jeremiah
  6391 | D:6      | Killed Jeremiah
  6392 | D:6      | Reached skill level 1 in Polearms
  6392 | D:6      | Reached skill level 7 in Evocations
  6431 | D:6      | Noticed Eustachio
  6477 | D:6      | Killed Eustachio
  6478 | D:6      | Reached skill level 8 in Evocations
  6854 | D:7      | Reached *** piety under Beogh
  6865 | D:7      | Noticed Gorbash
  6899 | D:7      | Anointed Gorbash the warrior as your apostle
  6906 | D:7      | Reached XP level 10. HP: 47/79 MP: 10/13
  7305 | D:7      | Found a sand-covered staircase.
  7342 | Ossuary  | Entered an ossuary
  7500 | Ossuary  | Reached **** piety under Beogh
  7582 | D:7      | Identified the +1 robe of Lesisk {Will+ Str+4 Dex+3}
  7582 | D:7      | Noticed Warbeogh
  7603 | D:7      | Anointed Warbeogh the wizard as your apostle
  7910 | D:4      | Killed Crazy Yiuf
  7911 | D:4      | Reached skill level 9 in Evocations
  8006 | D:4      | Killed TheLasagnaBaron's ghost
  8014 | D:4      | Identified the +9 trident "Kufes" {freeze, rPois rF++ Int+2
                  | Stlth+}
  8478 | D:8      | Reached skill level 10 in Evocations
  8491 | D:8      | Reached skill level 11 in Evocations
  8725 | D:8      | Reached skill level 12 in Evocations
  8798 | D:8      | Reached skill level 5 in Polearms
  8807 | D:8      | Reached XP level 11. HP: 83/84 MP: 15/15
  8871 | D:8      | Found a staircase to the Lair.
  9291 | D:9      | Found Ytuorgh's Antique Armour Boutique.
  9613 | D:9      | Found a staircase to the Orcish Mines.
 10019 | D:9      | Identified the +2 halberd "Weso" {drain, rElec rF++ MP+9
                  | Dex-5}
 10019 | D:9      | Noticed Bogfrid
 10035 | D:9      | Anointed Bogfrid the priest as your apostle
 10134 | D:10     | Entered Level 10 of the Dungeon
 10134 | D:10     | Found a runed translucent gate.
 10134 | D:10     | Found a runed translucent gate.
 10134 | D:10     | Found a runed translucent gate.
 10148 | D:10     | Noticed lotum's ghost (journeyman CoHs)
 10156 | D:10     | Noticed a two-headed ogre
 10165 | D:10     | Killed a two-headed ogre
 10323 | D:10     | Found a flagged portal.
 10328 | D:10     | Reached ***** piety under Beogh
 10336 | Bailey   | Entered a bailey
 10489 | Bailey   | Identified the +3 scale mail of Fedhas's Respect {*Corrode
                  | rF+++ rC+ Int-2}
 10532 | Bailey   | Noticed an orc knight
 10533 | Bailey   | Found an iron altar of Okawaru.
 10545 | Bailey   | Pacified an orc knight
 10632 | D:10     | Found a burning altar of Makhleb.
 11060 | D:10     | Noticed a boulder beetle
 11069 | D:10     | Killed a boulder beetle
 11416 | Lair:1   | Entered Level 1 of the Lair of Beasts
 11425 | Lair:1   | Reached skill level 5 in Alchemy
 11449 | Lair:1   | Reached XP level 12. HP: 91/91 MP: 16/16
 11535 | Lair:1   | Reached skill level 5 in Long Blades
 11547 | Lair:1   | You fall into a shaft and drop 1 floor!
 11802 | Lair:2   | Learned a level 4 spell: Animate Dead
 11828 | Lair:2   | Found a staircase to the Shoals.
 11900 | Lair:2   | Reached skill level 1 in Necromancy
 12363 | Lair:2   | Found a hole to the Spider Nest.
 12670 | Lair:3   | Noticed a seven-headed hydra
 12676 | Lair:3   | Your ally Gorbash died
 12678 | Lair:3   | Killed an eight-headed hydra
 12679 | Lair:3   | Reached skill level 10 in Polearms
 12691 | Lair:3   | Noticed a skyshark
 12703 | Lair:3   | Killed a skyshark
 12871 | Lair:3   | Reached skill level 5 in Necromancy
 12880 | Lair:3   | Your ally Warbeogh died
 13188 | Lair:3   | Noticed a skyshark
 13196 | Lair:3   | Killed a skyshark
 13197 | Lair:3   | Reached XP level 13. HP: 90/96 MP: 17/17
 13413 | Lair:3   | Reached skill level 5 in Invocations
 13993 | Orc:1    | Entered Level 1 of the Orcish Mines
 14028 | Orc:1    | Paralysed by an orc sorcerer for 4 turns
 14131 | Orc:1    | You fall into a shaft and drop 1 floor!
 14131 | Orc:2    | Entered Level 2 of the Orcish Mines
 14131 | Orc:2    | Found a staircase to the Elven Halls.
 14291 | Orc:1    | Noticed an ettin
 14326 | Orc:1    | Killed an ettin
 14343 | Orc:1    | Anointed Koronagh the warrior as your apostle
 14578 | Orc:1    | Noticed an orc warlord
 14593 | Orc:1    | Killed an orc warlord
 15280 | Orc:2    | Found a roughly hewn altar of Beogh.
 15405 | Orc:2    | Found a roughly hewn altar of Beogh.
 15489 | Orc:2    | Noticed an orc warlord
 15498 | Orc:2    | Your ally Warbeogh died
 15502 | Orc:2    | Mangled by an orc knight

Illustrated notes

Levels and vault maps discovered:
D:1:      dpeg_arrival_refuge, layout_basic, chequers_serial_rivers_micro_e
D:2:      layout_basic
D:3:      layout_basic, minitemple, shapermc_ecumenical_altar_mp_highgroup,
          chequers_serial_rivers_micro_c
D:4:      layout_basic, lemuel_coloured_pillars_altar,
          gammafunk_ghost_mausoleum, serial_rivers,
          chequers_serial_rivers_small_b, chequers_serial_rivers_small_3,
          chequers_serial_rivers_small_a, chequers_serial_rivers_room_a,
          chequers_serial_rivers_small_3, uniq_natasha, uniq_crazy_yiuf_cottage,
          uniq_robin, uniq_blork_the_orc
D:5:      layout_cave_pools, mainiacjoe_sewer_entry_somewhere_in_here_1,
          minmay_bent
D:6:      hangedman_cross_stitches, layout_gridville,
          minmay_temple_entry_crystal_x, minmay_liquid_box,
          dreamdust_princess_corridor, chequers_serial_rivers_micro_c,
          uniq_jeremiah, uniq_eustachio
D:7:      layout_cave_pools, nicolae_ossuary_entry_false_entrances, st_stairs_1,
          nicolae_underground_beach
D:8:      layout_basic, erik_lair_dragon, serial_bayou, serial_bayou_pond_b,
          serial_bayou_ford_a, serial_bayou_lagoon_a, serial_bayou_shore_a
D:9:      layout_gridville, orc_0_dummy, serial_shops, shop_fountains,
          dk_noncrumbling_3, minivault_1
D:10:     layout_cave_pods, bloody_makhleb, enter_bailey_5,
          gammafunk_ghost_spectres, nzn_sisyphean_effort
Lair:1:   layout_roguey, uniq_erica
Lair:2:   layout_regular_city, minmay_shoals_entry_centaurs,
          spider_nest_entry_funnel_web, infiniplex_staircase_pool
Lair:3:   minmay_lair_venomous_thicket, layout_hall_layers,
          nicolae_lair_grove_arrangements, st_stairs_11,
          chequers_serial_rivers_micro_c
Orc:1:    cheibrodos_orc_arena, layout_caves
Orc:2:    grunt_orc_community_town_hall, layout_diamond_mine,
          grunt_orc_community_big_house_1, grunt_orc_community_big_house_1,
          grunt_orc_community_house_3, grunt_orc_community_house_2,
          grunt_orc_community_house_2, grunt_orc_community_house_1, special_room

Skill      XL: |  1  2  3  4  5  6  7  8  9 10 11 12 13 |
---------------+----------------------------------------+-----
Dodging        | 1 2 |  2.0
Stealth        | 1 2 |  2.0
Armour         | 2 |  2.0
Fighting       | 2 3 4 7 |  7.5
Long Blades    | 1 2 3 4 6 7 |  7.5
Evocations     | 5 8 12 | 12.4
Short Blades   | 1 2 3 |  3.5
Translocations | 1 3 |  3.0
Spellcasting   | 1 2 3 |  3.0
Throwing       | 2 |  2.0
Alchemy        | 1 3 5 |  5.0
Conjurations   | 2 3 |  3.0
Air Magic      | 2 |  2.0
Invocations    | 2 3 4 5 |  5.8
Polearms       | 2 5 8 10 | 10.0
Necromancy     | 5 6 |  6.9

Action                     |  1- 3 |  4- 6 |  7- 9 | 10-12 | 13-15 || total
---------------------------+-------+-------+-------+-------+-------++-------
  Melee: Dagger            |    77 |   132 |   348 |   326 |    60 ||   943
         Club              |    27 |       |       |       |       ||    27
         Long sword        |    49 |   137 |   284 |       |       ||   470
         Trident           |       |       |    63 |   450 |   101 ||   614
         Spear             |       |       |    18 |       |       ||    18
         Demon blade       |       |       |       |       |     9 ||     9
  Throw: Dart              |       |       |    45 |    15 |       ||    60
   Cast: Blink             |       |       |     2 |       |     1 ||     3
         Mephitic Cloud    |       |       |     1 |     1 |     3 ||     5
         Animate Dead      |       |       |       |       |     4 ||     4
 Invoke: Convert to Beogh  |       |     1 |       |       |       ||     1
         Recruit Apostle   |       |       |     1 |     2 |     1 ||     4
         Recall Apostles   |       |       |       |     6 |     2 ||     8
         Dismiss Apostle   |       |       |       |       |     2 ||     2
  Evoke: Wand              |       |       |    26 |     3 |     4 ||    33
    Use: Scroll            |       |     9 |     9 |     9 |     1 ||    28
         Potion            |       |       |     2 |       |     1 ||     3
   Stab: Sleeping          |       |     2 |       |     7 |       ||     9
         Confused          |       |       |     8 |     9 |       ||    17
         Invisible         |       |       |     3 |       |       ||     3
         Distracted        |       |       |       |     9 |     2 ||    11
 Armour: Scale mail        |    38 |       |       |       |       ||    38
         Leather armour    |     5 |       |       |       |       ||     5
         Ring mail         |    19 |    39 |       |   179 |    63 ||   300
         Animal skin       |       |    71 |   189 |    80 |       ||   340
         Skin              |       |       |     6 |       |       ||     6
  Dodge: Dodged            |    46 |    93 |   170 |   192 |    26 ||   527

Table legend: (Time is in decaauts)
 A = Elapsed time spent in this place.
 B = Non-inter-level travel time spent in this place.
 C = Inter-level travel time spent in this place.
 D = Time resting spent in this place.
 E = Time spent auto-exploring this place.
 F = Levels seen in this place.
 G = Mean time per level.
                   A        B        C        D        E       F      G
               +--------+--------+--------+--------+--------+-----+--------+
         Total |  15718 |  14818 |    900 |    473 |  11121 |  18 |  873.2 |
       Dungeon |  10035 |   9263 |    772 |    473 |   6748 |  10 | 1003.5 |
          Lair |   2402 |   2287 |    115 |      0 |   1969 |   3 |  800.7 |
  Orcish Mines |   1491 |   1479 |     12 |      0 |   1273 |   2 |  745.5 |
         Sewer |   1287 |   1287 |      0 |      0 |    897 |   1 | 1287.0 |
       Ossuary |    232 |    232 |      0 |      0 |     72 |   1 |  232.0 |
        Bailey |    270 |    270 |      0 |      0 |    161 |   1 |  270.0 |
               +--------+--------+--------+--------+--------+-----+--------+

Top non-repeatable levels by time:
     D:4: 1354 daAuts
     D:6: 1347 daAuts
     D:8: 1311 daAuts
   Sewer: 1287 daAuts
  Lair:2: 1123 daAuts
  Lair:3: 1102 daAuts
     D:5: 1072 daAuts
   Orc:1: 1038 daAuts
     D:3: 985 daAuts
     D:9: 927 daAuts
    D:10: 890 daAuts
     D:2: 812 daAuts
     D:7: 804 daAuts
     D:1: 528 daAuts
   Orc:2: 453 daAuts
